AoeStats
← rookister

Arena

507830876Analyzed
4v4 RM · 11d ago on Sep 19, 2026· 61m 21s· 8 players
Game mode
Random Map
Map size
Large (8 player)
Population
200
Speed
Normal
Resources
Standard
Victory
Conquest
Starting age
Dark Age
Ending age
Imperial Age
RankedLock teamsTeams togetherTeam positionsShared explorationLock speedFull tech treeHidden civsTurbo modeCheats
Victory
Defeat
🇹🇷 Bohemians · Türkiye
999
+15
🇹🇷 Huns · Türkiye
989
+16
🇹🇷 Ethiopians · Türkiye
975
+16
🇹🇷 Wei · Türkiye
915
+19
🇦🇷 Wei · Argentina
1058
-19
🇦🇷 Turks · Argentina
1041
-19
🇵🇰 Inca · Pakistan
1018
-18
🇵🇰 Mongols · Pakistan
812
-10
IZANAGI
12:03 Feudal Age
16:14 Castle Age
15:19 Double-Bit Axe
15:20 Horse Collar
17:32 Bow Saw
17:37 Heavy Plow
22:39 Elite Skirmisher
28:43 Husbandry
28:54 Bloodlines
28:40 Gold Mining
38:50 Imperial Age
39:55 Conscription
39:36 Tuntian
40:02 Ming Guang Armor
39:09 Light Cavalry
40:30 Heavy Hei Guang Cavalry
44:35 Hussar
46:45 Wheelbarrow
49:22 Forging
49:02 Fletching
49:13 Padded Archer Armor
49:13 Scale Mail Armor
49:19 Scale Barding Armor
57:22 Chemistry
56:39 Chain Mail Armor
57:00 Iron Casting
56:46 Chain Barding Armor
58:00 Leather Archer Armor
57:40 Bodkin Arrow
59:34 Ballistics
estimator
10:56 Feudal Age
15:12 Castle Age
15:47 Fletching
17:14 Elite Skirmisher
19:51 Double-Bit Axe
22:50 Bodkin Arrow
23:21 Squires
23:56 Scale Mail Armor
33:02 Imperial Age
32:08 Ballistics
32:28 Padded Archer Armor
33:53 Bracer
34:56 Chemistry
43:48 Light Cavalry
V A H I T G U E T T A
1:33 Loom
12:10 Feudal Age
16:11 Castle Age
14:30 Horse Collar
15:39 Double-Bit Axe
22:14 Town Watch
22:57 Stone Mining
23:25 Gold Mining
24:40 Wheelbarrow
24:18 Bow Saw
25:43 Heavy Plow
26:19 Sanctity
26:14 Fervor
27:18 Hand Cart
28:03 Gold Shaft Mining
27:49 Forging
27:59 Scale Barding Armor
28:42 Town Patrol
28:29 Pikeman
29:44 Squires
32:37 Imperial Age
35:00 Ballistics
35:40 Chemistry
35:24 Scale Mail Armor
35:59 Iron Casting
34:50 Halberdier
35:44 Masonry
36:07 Husbandry
36:23 Bloodlines
36:35 Chain Barding Armor
36:19 Cavalier
37:03 Fletching
40:28 Blast Furnace
40:33 Two-Man Saw
42:36 Light Cavalry
44:00 Hussar
46:09 Plate Barding Armor
46:38 Murder Holes
48:16 Chain Mail Armor
47:59 Paladin
50:20 Arson
hsnkanbur
11:13 Feudal Age
12:58 Loom
15:35 Castle Age
13:49 Double-Bit Axe
14:04 Horse Collar
25:00 Bow Saw
29:59 Imperial Age
27:52 Heavy Plow
29:19 Wheelbarrow
32:03 Hand Cart
34:56 Conscription
36:13 Two-Man Saw
36:43 Elite Hussite Wagon
38:47 Pikeman
39:28 Squires
39:13 Arson
40:21 Wagenburg Tactics
40:27 Wagenburg Tactics
40:07 Halberdier
41:19 Forging
41:09 Scale Mail Armor
44:49 Ballistics
45:44 Chemistry
49:43 Iron Casting
rookister
11:17 Feudal Age
11:36 Feudal Age
15:48 Castle Age
16:17 Loom
19:56 Fletching
20:06 Padded Archer Armor
23:07 Double-Bit Axe
24:28 Bow Saw
25:57 Bodkin Arrow
27:33 Leather Archer Armor
29:17 Thumb Ring
35:10 Ballistics
38:50 Husbandry
39:02 Bloodlines
42:19 Light Cavalry
47:15 Imperial Age
45:36 Scale Barding Armor
45:43 Forging
47:23 Hussar
48:33 Parthian Tactics
49:09 Heavy Cavalry Archer
51:07 Bracer
54:23 Man-at-Arms
54:24 Pikeman
55:05 Squires
55:46 Iron Casting
55:14 Scale Mail Armor
57:32 Blast Furnace
57:23 Chain Mail Armor
KGUY1
1:47 Loom
10:14 Feudal Age
10:56 Double-Bit Axe
10:54 Horse Collar
17:31 Castle Age
16:31 Gold Mining
16:34 Stone Mining
17:51 Loom
18:35 Bow Saw
18:35 Heavy Plow
19:56 Wheelbarrow
20:05 Stone Shaft Mining
22:16 Scale Barding Armor
22:54 Gold Shaft Mining
26:33 Chain Barding Armor
27:34 Forging
28:50 Iron Casting
32:50 Imperial Age
30:35 Hand Cart
30:06 Town Watch
31:19 Fletching
33:20 Elite Tiger Cavalry
34:35 Ming Guang Armor
34:38 Bloodlines
34:28 Husbandry
35:28 Crop Rotation
35:59 Blast Furnace
34:56 Bodkin Arrow
34:57 Heavy Hei Guang Cavalry
36:03 Conscription
35:44 Tuntian
36:19 Hoardings
44:34 Murder Holes
45:06 Ballistics
45:01 Bracer
46:04 Chemistry
45:00 Murder Holes
45:18 Masonry
52:03 Parthian Tactics
51:46 Padded Archer Armor
52:00 Thumb Ring
54:14 Fortified Wall
54:57 Leather Archer Armor
stink
11:25 Feudal Age
15:25 Castle Age
13:49 Double-Bit Axe
14:59 Horse Collar
17:02 Loom
19:54 Scale Mail Armor
21:54 Bow Saw
26:29 Forging
27:55 Chain Mail Armor
37:24 Imperial Age
35:34 Wheelbarrow
37:41 Fletching
38:13 Padded Archer Armor
39:48 Bodkin Arrow
40:10 Leather Archer Armor
41:06 Thumb Ring
42:14 Bracer
45:48 Conscription
46:57 Ballistics
47:37 Chemistry
47:11 Ring Archer Armor
49:01 Champi Runner
50:19 Plate Mail Armor
50:25 Iron Casting
50:08 Squires
49:49 Champi Warrior
50:47 Elite Champi Warrior
yeSenpai
13:15 Feudal Age
17:12 Castle Age
15:16 Double-Bit Axe
15:12 Horse Collar
21:29 Imperial Age
19:13 Loom
22:47 Padded Archer Armor
33:19 Leather Archer Armor
38:29 Gold Mining
42:32 Wheelbarrow
45:56 Ring Archer Armor
54:43 Forging
54:34 Scale Mail Armor
55:55 Bow Saw
55:46 Heavy Plow
56:02 Squires
58:57 Elite Janissary
Connection lost

Rejoining the realm…

Still unreachable

The connection could not be restored.

Session expired

The server has moved on; the page needs a fresh start.